[ AOE2 MATCH · #465493666 ]
Team RMMapuche vs Persians
[ REPLAY ANALYSIS · EXTRACTED FROM THE RECORDED GAME ]
Feudal
13:15
Castle
18:53
Imperial
—
| APM avg | 40.4 |
| APM peak | 79 |
| eAPM avg | 14.6 |
| Villagers / military | 58 / 33 |
Focus
⚔️ 27.9% · 🌾 72.1%
Bolas Rider ×25 · Mangonel ×4 · Fishing Ship ×4 · Scorpion ×2 · Skirmisher ×2
Feudal
13:59
Castle
17:54
Imperial
—
| APM avg | 49.3 |
| APM peak | 82 |
| eAPM avg | 23.6 |
| Villagers / military | 158 / 64 |
Focus
⚔️ 24.4% · 🌾 75.6%
Mangudai ×54 · Fishing Ship ×14 · Scorpion ×6 · Battering Ram ×4
Feudal
15:37
Castle
21:40
Imperial
—
| APM avg | 41.5 |
| APM peak | 68 |
| eAPM avg | 15.7 |
| Villagers / military | 109 / 47 |
Focus
⚔️ 30.6% · 🌾 69.4%
Cavalry Archer ×39 · Fishing Ship ×24 · Mangonel ×3 · Monk ×2 · Battering Ram ×2 · Archer ×1
Feudal
13:58
Castle
28:57
Imperial
—
| APM avg | 40.8 |
| APM peak | 87 |
| eAPM avg | 14.0 |
| Villagers / military | 100 / 33 |
Focus
⚔️ 22.8% · 🌾 77.2%
Archer ×25 · Skirmisher ×8 · Fishing Ship ×6
Feudal
13:55
Castle
18:59
Imperial
—
| APM avg | 38.9 |
| APM peak | 66 |
| eAPM avg | 21.4 |
| Villagers / military | 65 / 53 |
Focus
⚔️ 35.1% · 🌾 64.9%
Conquistador ×31 · Battering Ram ×21 · Fishing Ship ×8 · Fire Galley ×1
Feudal
—
Castle
—
Imperial
—
| APM avg | 24.3 |
| APM peak | 49 |
| eAPM avg | 12.6 |
| Villagers / military | 57 / 92 |
Focus
⚔️ 34.8% · 🌾 65.2%
Knight ×47 · Fishing Ship ×27 · Fire Galley ×16 · Militia ×11 · Galley ×9 · Skirmisher ×7
Feudal
13:35
Castle
20:28
Imperial
38:39
| APM avg | 35.2 |
| APM peak | 71 |
| eAPM avg | 17.0 |
| Villagers / military | 122 / 55 |
Focus
⚔️ 28.1% · 🌾 71.9%
Plumed Archer ×49 · Fishing Ship ×10 · Unknown (2626) ×5 · Galley ×4 · Monk ×2
Feudal
16:20
Castle
22:31
Imperial
—
| APM avg | 40.6 |
| APM peak | 134 |
| eAPM avg | 23.8 |
| Villagers / military | 69 / 5 |
Focus
⚔️ 23.4% · 🌾 76.6%
Fishing Ship ×14 · Mangonel ×3 · Monk ×2
Match map
Initial resources + every placement click. Lines = walls · curves = elevation contours. ◆ gold · ⬟ stone · ● berries · ✦ relic · ◌ wall gap
Your base· Open — 12t gap
雪斗很强's base· Open — unwalled flank
CALF-PICO's base· Open — 8t gap
Amlan73's base· Open — 3t gap
宁波老菜鸟's base· Open — unwalled flank
KingHeeze's base· Open — 3t gap
三哥's base· Open — 4t gap
奶粉爷's base· Open — 14t gap
Smoothed initial terrain · ◌ = detected wall gap · hover for details
Inputs per minute
— DinoBuddies - - 雪斗很强
Build order — DinoBuddies
150 actions detected in the replay
| 0:45 | Build | Town Center |
| 2:16 | Build | Dock |
| 2:19 | Build | House |
| 2:58 | Create | Villager (Male) |
| 2:59 | Create | Villager (Male) |
| 2:59 | Create | Villager (Male) |
| 2:59 | Create | Villager (Male) |
| 2:59 | Create | Villager (Male) |
| 4:24 | Research | Loom |
| 4:53 | Create | Villager (Male) |
| 4:54 | Create | Villager (Male) |
| 4:57 | Create | Villager (Male) |
| 4:57 | Create | Villager (Male) |
| 5:48 | Create | Fishing Ship |
| 6:00 | Build | House |
| 6:22 | Create | Villager (Male) |
| 6:22 | Create | Villager (Male) |
| 6:27 | Create | Villager (Male) |
| 6:28 | Create | Villager (Male) |
| 7:07 | Build | House |
| 7:50 | Build | House |
| 7:53 | Create | Villager (Male) |
| 8:02 | Create | Fishing Ship |
| 8:22 | Create | Villager (Male) |
| 8:31 | Create | Fishing Ship |
| 8:50 | Create | Villager (Male) |
| 8:57 | Create | Fishing Ship |
| 9:26 | Create | Villager (Male) |
| 9:27 | Create | Villager (Male) |
| 10:13 | Build | Settlement |
| 10:39 | Create | Villager (Male) |
| 11:05 | Research | Feudal Age |
| 11:45 | Build | Barracks |
| 12:29 | Build | Outpost |
| 12:43 | Build | House |
| 13:15 | Age | Feudal Age |
| 13:36 | Create | Villager (Male) |
| 13:36 | Create | Villager (Male) |
| 13:49 | Build | Palisade Wall |
| 13:54 | Build | Palisade Wall |
| 14:13 | Build | Palisade Wall |
| 14:30 | Build | Palisade Wall |
| 14:48 | Build | Palisade Wall |
| 14:50 | Build | Palisade Wall |
| 14:52 | Build | Palisade Wall |
| 14:58 | Create | Villager (Male) |
| 15:06 | Build | Blacksmith |
| 15:35 | Build | Palisade Wall |
| 15:39 | Create | Villager (Male) |
| 15:45 | Build | Archery Range |
| 16:13 | Research | Castle Age |
| 16:48 | Research | Fletching |
| 17:38 | Build | Archery Range |
| 17:57 | Create | Skirmisher |
| 18:01 | Create | Villager (Male) |
| 18:51 | Create | Skirmisher |
| 18:53 | Age | Castle Age |
| 18:56 | Create | Bolas Rider |
| 19:00 | Create | Bolas Rider |
| 19:16 | Build | House |
| 19:20 | Create | Villager (Male) |
| 19:21 | Create | Villager (Male) |
| 19:31 | Build | House |
| 19:58 | Create | Bolas Rider |
| 20:16 | Build | Siege Workshop |
| 20:17 | Research | Padded Archer Armor |
| 20:37 | Create | Villager (Male) |
| 20:39 | Create | Mangonel |
| 20:39 | Create | Mangonel |
| 20:57 | Create | Villager (Male) |
| 21:01 | Research | Double-Bit Axe |
| 21:27 | Create | Villager (Male) |
| 21:33 | Create | Bolas Rider |
| 21:35 | Create | Bolas Rider |
| 22:06 | Create | Villager (Male) |
| 22:11 | Build | Farm |
| 22:11 | Build | Farm |
| 22:11 | Build | Farm |
| 22:11 | Build | Farm |
| 22:15 | Build | Farm |
| 22:15 | Build | Farm |
| 22:15 | Build | Farm |
| 23:01 | Create | Mangonel |
| 24:05 | Create | Bolas Rider |
| 24:05 | Create | Bolas Rider |
| 24:07 | Create | Bolas Rider |
| 24:24 | Create | Villager (Male) |
| 24:24 | Create | Villager (Male) |
| 24:25 | Create | Villager (Male) |
| 24:57 | Create | Villager (Male) |
| 25:02 | Create | Villager (Male) ×5 |
| 25:40 | Build | House |
| 25:41 | Build | House |
| 25:42 | Build | House |
| 25:49 | Build | House |
| 25:49 | Build | House |
| 26:26 | Create | Bolas Rider |
| 26:26 | Create | Bolas Rider |
| 26:27 | Create | Bolas Rider |
| 26:31 | Research | Bodkin Arrow |
| 27:08 | Create | Mangonel |
| 27:12 | Create | Bolas Rider ×2 |
| 27:27 | Create | Bolas Rider |
| 27:28 | Create | Villager (Male) |
| 27:29 | Create | Villager (Male) |
| 27:29 | Create | Villager (Male) |
| 27:41 | Research | Gold Mining |
| 29:07 | Build | Settlement |
| 29:25 | Build | House |
| 29:26 | Build | House |
| 29:44 | Build | House |
| 29:45 | Build | House |
| 30:01 | Research | Leather Archer Armor |
| 30:48 | Create | Villager (Male) |
| 30:49 | Create | Villager (Male) |
| 30:49 | Create | Villager (Male) |
| 30:50 | Research | Wheelbarrow |
| 30:52 | Create | Villager (Male) |
| 31:39 | Create | Villager (Male) |
| 31:43 | Create | Bolas Rider |
| 33:02 | Create | Villager (Male) |
| 33:47 | Build | Castle |
| 33:53 | Create | Bolas Rider ×5 |
| 34:06 | Create | Villager (Male) |
| 34:06 | Create | Villager (Male) |
| 34:06 | Create | Villager (Male) |
| 34:18 | Create | Scorpion |
| 34:19 | Create | Scorpion |
| 34:26 | Build | House |
| 34:27 | Build | House |
| 34:28 | Build | House |
| 34:45 | Build | House |
| 34:46 | Build | House |
| 35:45 | Build | Settlement |
| 35:55 | Create | Villager (Male) |
| 35:55 | Create | Villager (Male) |
| 36:24 | Research | Horse Collar |
| 36:54 | Create | Villager (Male) |
| 36:54 | Create | Villager (Male) |
| 36:56 | Research | Town Watch |
| 37:17 | Build | Town Center |
| 37:47 | Create | Villager (Male) |
| 37:56 | Create | Bolas Rider ×5 |
| 38:00 | Create | Villager (Male) |
| 38:21 | Build | Settlement |
| 38:47 | Create | Villager (Male) |
| 38:51 | Build | Farm |
| 38:51 | Build | Farm |
| 38:55 | Build | Farm |
| 38:55 | Build | Farm |
Build order — 雪斗很强
First 150 of 267 actions detected
| 0:23 | Build | Town Center |
| 2:36 | Build | Dock |
| 2:44 | Build | House |
| 2:47 | Create | Villager (Male) |
| 2:48 | Create | Villager (Male) |
| 3:07 | Research | Loom |
| 3:26 | Create | Villager (Male) |
| 3:29 | Create | Villager (Male) |
| 4:09 | Create | Fishing Ship |
| 4:09 | Create | Fishing Ship |
| 4:28 | Build | House |
| 4:57 | Create | Villager (Male) |
| 4:57 | Create | Villager (Male) |
| 5:04 | Build | House |
| 5:20 | Create | Villager (Male) |
| 5:20 | Create | Villager (Male) |
| 5:45 | Create | Villager (Male) |
| 5:58 | Create | Fishing Ship |
| 5:58 | Create | Fishing Ship |
| 6:10 | Create | Villager (Male) |
| 6:10 | Create | Villager (Male) |
| 6:31 | Build | House |
| 6:32 | Create | Villager (Male) |
| 6:33 | Create | Villager (Male) |
| 6:48 | Create | Villager (Male) |
| 6:49 | Create | Villager (Male) |
| 7:15 | Create | Fishing Ship |
| 7:16 | Create | Villager (Male) |
| 7:17 | Create | Villager (Male) |
| 7:22 | Create | Villager (Male) |
| 7:22 | Create | Villager (Male) |
| 7:59 | Build | House |
| 8:02 | Create | Villager (Male) |
| 8:02 | Create | Villager (Male) |
| 8:04 | Create | Fishing Ship |
| 8:46 | Build | Outpost |
| 8:47 | Create | Villager (Male) |
| 8:47 | Create | Villager (Male) |
| 8:51 | Create | Fishing Ship |
| 9:38 | Build | House |
| 9:40 | Create | Fishing Ship |
| 9:43 | Build | House |
| 9:45 | Create | Villager (Male) |
| 9:55 | Create | Villager (Male) |
| 10:11 | Build | Mining Camp |
| 10:27 | Create | Villager (Male) |
| 10:44 | Build | Mining Camp |
| 10:51 | Create | Villager (Male) |
| 10:59 | Build | House |
| 11:21 | Research | Feudal Age |
| 11:48 | Build | Mill |
| 11:56 | Create | Villager (Male) |
| 11:56 | Create | Villager (Male) |
| 13:16 | Build | Outpost |
| 13:59 | Age | Feudal Age |
| 14:01 | Build | Market |
| 14:04 | Build | Blacksmith |
| 14:13 | Build | Outpost |
| 14:19 | Build | Outpost |
| 14:41 | Create | Villager (Male) |
| 14:53 | Research | Castle Age |
| 15:08 | Build | Dock |
| 15:24 | Research | Fletching |
| 15:38 | Build | Lumber Camp |
| 15:46 | Build | Outpost |
| 15:48 | Create | Villager (Male) |
| 15:50 | Research | Town Watch |
| 15:50 | Research | Town Watch |
| 16:10 | Build | Outpost |
| 16:42 | Build | Outpost |
| 16:56 | Create | Villager (Male) |
| 17:54 | Age | Castle Age |
| 18:00 | Build | Siege Workshop |
| 18:08 | Research | Bodkin Arrow |
| 18:11 | Research | Double-Bit Axe |
| 18:16 | Research | Gold Mining |
| 18:38 | Build | Castle |
| 18:41 | Build | Castle |
| 18:42 | Create | Scorpion |
| 18:42 | Create | Scorpion |
| 18:47 | Build | House |
| 18:56 | Build | Palisade Wall |
| 19:11 | Create | Villager (Male) |
| 19:11 | Create | Villager (Male) |
| 19:11 | Create | Villager (Male) |
| 19:25 | Create | Villager (Male) |
| 19:25 | Create | Villager (Male) |
| 19:48 | Create | Mangudai |
| 20:23 | Build | Town Center |
| 20:25 | Create | Villager (Male) |
| 20:27 | Create | Villager (Male) |
| 20:33 | Create | Mangudai |
| 20:33 | Create | Mangudai |
| 21:01 | Create | Fishing Ship |
| 21:10 | Create | Villager (Male) |
| 21:10 | Create | Villager (Male) |
| 21:11 | Create | Villager (Male) |
| 21:35 | Create | Mangudai |
| 21:35 | Create | Mangudai |
| 21:35 | Create | Mangudai |
| 21:55 | Create | Mangudai |
| 22:14 | Create | Villager (Male) ×3 |
| 22:15 | Create | Villager (Male) ×3 |
| 22:17 | Build | Barracks |
| 22:48 | Create | Mangudai |
| 22:49 | Create | Mangudai |
| 23:17 | Build | Stable |
| 23:25 | Create | Villager (Male) ×3 |
| 23:26 | Create | Villager (Male) |
| 23:26 | Create | Mangudai |
| 23:49 | Create | Villager (Male) |
| 23:50 | Create | Villager (Male) |
| 23:53 | Build | Mining Camp |
| 23:56 | Build | Lumber Camp |
| 24:09 | Build | University |
| 24:10 | Create | Villager (Male) |
| 24:11 | Create | Villager (Male) |
| 24:31 | Create | Mangudai |
| 24:31 | Create | Mangudai |
| 24:42 | Build | Castle |
| 24:54 | Create | Villager (Male) |
| 24:54 | Create | Villager (Male) |
| 25:09 | Create | Villager (Male) |
| 25:09 | Create | Villager (Male) |
| 25:28 | Research | Ballistics |
| 25:48 | Research | Husbandry |
| 26:05 | Create | Villager (Male) |
| 26:20 | Build | Town Center |
| 26:32 | Build | Lumber Camp |
| 26:47 | Create | Mangudai |
| 26:47 | Create | Mangudai |
| 26:47 | Create | Mangudai |
| 26:53 | Build | Town Center |
| 26:55 | Create | Villager (Male) ×4 |
| 26:56 | Create | Villager (Male) ×4 |
| 27:24 | Research | Padded Archer Armor |
| 27:25 | Research | Padded Archer Armor |
| 27:29 | Create | Mangudai |
| 27:30 | Create | Mangudai |
| 27:37 | Build | House |
| 27:41 | Create | Villager (Male) ×2 |
| 27:41 | Create | Villager (Male) ×2 |
| 27:53 | Build | Mill |
| 27:54 | Create | Villager (Male) |
| 27:55 | Create | Villager (Male) |
| 27:59 | Create | Fishing Ship |
| 28:00 | Create | Fishing Ship |
| 28:00 | Create | Fishing Ship |
| 28:11 | Create | Villager (Male) |
| 28:11 | Create | Villager (Male) |
Build order — CALF-PICO
First 150 of 274 actions detected
| 0:36 | Build | Town Center |
| 2:18 | Build | Palisade Wall |
| 2:25 | Build | Palisade Wall |
| 2:27 | Build | Palisade Wall |
| 2:29 | Build | Palisade Wall |
| 3:32 | Create | Villager (Male) |
| 3:33 | Create | Villager (Male) |
| 3:33 | Create | Villager (Male) |
| 3:33 | Create | Villager (Male) |
| 5:12 | Research | Loom |
| 5:13 | Research | Loom |
| 5:14 | Create | Villager (Male) |
| 5:14 | Create | Villager (Male) |
| 5:15 | Create | Villager (Male) |
| 6:02 | Create | Villager (Male) |
| 6:02 | Create | Villager (Male) |
| 6:02 | Create | Villager (Male) |
| 6:03 | Create | Villager (Male) |
| 6:33 | Create | Villager (Male) |
| 6:34 | Create | Villager (Male) |
| 6:34 | Create | Villager (Male) |
| 6:34 | Create | Villager (Male) |
| 6:59 | Create | Villager (Male) |
| 6:59 | Create | Villager (Male) |
| 7:00 | Create | Villager (Male) |
| 7:19 | Create | Villager (Male) |
| 7:19 | Create | Villager (Male) |
| 7:19 | Create | Villager (Male) |
| 7:20 | Create | Villager (Male) |
| 7:47 | Create | Villager (Male) |
| 7:48 | Create | Villager (Male) |
| 7:48 | Create | Villager (Male) |
| 7:48 | Create | Villager (Male) |
| 8:12 | Create | Villager (Male) |
| 8:12 | Create | Villager (Male) |
| 8:13 | Create | Villager (Male) |
| 8:36 | Create | Villager (Male) |
| 8:36 | Create | Villager (Male) |
| 8:37 | Create | Villager (Male) |
| 9:00 | Build | Mill |
| 9:12 | Create | Villager (Male) |
| 9:13 | Create | Villager (Male) |
| 9:13 | Create | Villager (Male) |
| 9:27 | Create | Villager (Male) |
| 9:27 | Create | Villager (Male) |
| 9:27 | Create | Villager (Male) |
| 9:27 | Create | Villager (Male) |
| 9:30 | Create | Villager (Male) |
| 9:39 | Build | Lumber Camp |
| 10:11 | Create | Villager (Male) |
| 10:11 | Create | Villager (Male) |
| 10:11 | Create | Villager (Male) |
| 10:12 | Create | Villager (Male) |
| 10:30 | Create | Villager (Male) |
| 11:00 | Create | Villager (Male) |
| 11:00 | Create | Villager (Male) |
| 11:01 | Create | Villager (Male) |
| 11:11 | Create | Villager (Male) |
| 11:11 | Create | Villager (Male) |
| 11:11 | Create | Villager (Male) |
| 11:22 | Create | Villager (Male) |
| 11:22 | Create | Villager (Male) |
| 11:22 | Create | Villager (Male) |
| 11:30 | Build | Dock |
| 11:39 | Create | Villager (Male) |
| 11:39 | Create | Villager (Male) |
| 12:06 | Build | Mill |
| 12:13 | Create | Fishing Ship |
| 12:32 | Build | Mining Camp |
| 12:37 | Create | Fishing Ship |
| 12:57 | Build | Outpost |
| 13:27 | Research | Feudal Age |
| 13:27 | Research | Feudal Age |
| 13:28 | Research | Feudal Age |
| 13:47 | Create | Fishing Ship |
| 14:40 | Create | Fishing Ship |
| 14:53 | Build | Dock |
| 15:17 | Create | Villager (Male) |
| 15:18 | Create | Villager (Male) |
| 15:22 | Build | Barracks |
| 15:37 | Age | Feudal Age |
| 15:59 | Build | Blacksmith |
| 16:04 | Create | Villager (Male) |
| 16:06 | Build | Archery Range |
| 16:23 | Create | Fishing Ship |
| 16:23 | Create | Fishing Ship |
| 16:23 | Create | Fishing Ship |
| 16:52 | Create | Archer |
| 16:59 | Create | Villager (Male) |
| 17:35 | Create | Villager (Male) |
| 17:36 | Create | Villager (Male) |
| 17:40 | Create | Fishing Ship |
| 17:40 | Create | Fishing Ship |
| 18:04 | Build | Market |
| 18:17 | Build | Archery Range |
| 18:19 | Build | Palisade Wall |
| 18:26 | Create | Fishing Ship |
| 18:26 | Create | Fishing Ship |
| 18:28 | Create | Villager (Male) |
| 19:00 | Research | Castle Age |
| 19:00 | Research | Castle Age |
| 19:00 | Research | Castle Age |
| 19:23 | Research | Double-Bit Axe |
| 19:24 | Research | Double-Bit Axe |
| 19:24 | Research | Double-Bit Axe |
| 19:24 | Research | Double-Bit Axe |
| 19:26 | Create | Fishing Ship |
| 19:26 | Create | Fishing Ship |
| 20:38 | Research | Fletching |
| 20:38 | Research | Fletching |
| 20:38 | Research | Fletching |
| 20:47 | Create | Fishing Ship |
| 20:47 | Create | Fishing Ship |
| 20:48 | Research | Gold Mining |
| 20:48 | Research | Gold Mining |
| 20:55 | Research | Padded Archer Armor |
| 20:55 | Research | Padded Archer Armor |
| 20:55 | Research | Padded Archer Armor |
| 21:20 | Research | Horse Collar |
| 21:21 | Research | Horse Collar |
| 21:21 | Research | Horse Collar |
| 21:40 | Age | Castle Age |
| 21:43 | Create | Cavalry Archer |
| 21:43 | Create | Cavalry Archer |
| 21:54 | Build | Siege Workshop |
| 22:02 | Create | Cavalry Archer |
| 22:02 | Create | Cavalry Archer |
| 22:09 | Research | Bodkin Arrow |
| 22:09 | Research | Bodkin Arrow |
| 22:20 | Build | Town Center |
| 22:27 | Create | Mangonel |
| 22:37 | Create | Cavalry Archer |
| 22:37 | Create | Cavalry Archer |
| 23:08 | Research | Leather Archer Armor |
| 23:08 | Research | Leather Archer Armor |
| 23:59 | Create | Villager (Male) |
| 24:00 | Create | Villager (Male) |
| 25:01 | Create | Mangonel |
| 25:07 | Create | Villager (Male) |
| 25:07 | Create | Villager (Male) |
| 25:07 | Create | Villager (Male) |
| 25:07 | Create | Villager (Male) |
| 25:29 | Create | Villager (Male) |
| 25:29 | Create | Villager (Male) |
| 25:30 | Create | Villager (Male) |
| 25:30 | Create | Villager (Male) |
| 26:19 | Create | Cavalry Archer |
| 26:19 | Create | Cavalry Archer |
| 26:27 | Create | Villager (Male) |
| 26:27 | Create | Villager (Male) |
Build order — Amlan73
First 150 of 208 actions detected
| 0:39 | Build | Town Center |
| 0:54 | Build | Town Center |
| 3:17 | Create | Villager (Male) |
| 3:17 | Create | Villager (Male) |
| 3:17 | Create | Villager (Male) |
| 3:18 | Create | Villager (Male) |
| 4:48 | Create | Villager (Male) |
| 5:24 | Create | Villager (Male) |
| 5:30 | Build | Mill |
| 5:40 | Build | Mill |
| 5:55 | Build | Mill |
| 6:10 | Create | Villager (Male) |
| 6:10 | Create | Villager (Male) |
| 7:09 | Create | Villager (Male) |
| 7:09 | Create | Villager (Male) |
| 7:50 | Create | Villager (Male) |
| 7:51 | Create | Villager (Male) |
| 7:51 | Create | Villager (Male) |
| 7:57 | Create | Villager (Male) |
| 8:04 | Create | Villager (Male) |
| 8:50 | Create | Villager (Male) |
| 9:25 | Create | Villager (Male) |
| 9:34 | Build | Dock |
| 9:36 | Create | Villager (Male) |
| 10:44 | Create | Fishing Ship |
| 10:51 | Research | Loom |
| 11:06 | Build | Mining Camp |
| 11:19 | Create | Villager (Male) |
| 11:38 | Create | Fishing Ship |
| 11:48 | Research | Feudal Age |
| 12:30 | Build | Lumber Camp |
| 13:23 | Create | Villager (Male) |
| 13:58 | Age | Feudal Age |
| 14:05 | Research | Double-Bit Axe |
| 14:11 | Create | Villager (Male) |
| 14:13 | Create | Villager (Male) |
| 14:38 | Create | Villager (Male) |
| 14:45 | Build | Barracks |
| 15:19 | Build | Mining Camp |
| 16:09 | Build | Archery Range |
| 17:03 | Create | Archer |
| 17:04 | Create | Archer |
| 17:22 | Build | Town Center |
| 18:34 | Create | Fishing Ship |
| 18:34 | Create | Fishing Ship |
| 19:04 | Build | Watch Tower |
| 19:06 | Create | Villager (Male) |
| 19:06 | Create | Villager (Male) |
| 19:09 | Build | Blacksmith |
| 19:13 | Create | Archer |
| 19:20 | Create | Villager (Male) |
| 19:32 | Create | Fishing Ship |
| 19:32 | Create | Fishing Ship |
| 19:39 | Create | Villager (Male) |
| 19:58 | Build | Watch Tower |
| 20:00 | Research | Fletching |
| 20:01 | Create | Villager (Male) |
| 20:08 | Create | Archer |
| 20:14 | Create | Villager (Male) |
| 20:37 | Build | Mill |
| 20:42 | Create | Villager (Male) |
| 20:43 | Create | Villager (Male) |
| 21:10 | Build | Watch Tower |
| 21:14 | Create | Archer |
| 21:37 | Create | Villager (Male) |
| 22:07 | Create | Villager (Male) |
| 22:25 | Create | Villager (Male) |
| 22:25 | Create | Villager (Male) |
| 22:29 | Create | Archer |
| 22:57 | Build | Watch Tower |
| 23:13 | Create | Villager (Male) |
| 23:13 | Create | Villager (Male) |
| 23:20 | Research | Horse Collar |
| 23:23 | Build | Farm |
| 23:23 | Build | Farm |
| 23:24 | Build | Farm |
| 23:24 | Build | Farm |
| 23:25 | Build | Farm |
| 23:25 | Build | Farm |
| 23:26 | Build | Farm |
| 23:26 | Build | Farm |
| 23:27 | Build | Farm |
| 23:27 | Build | Farm |
| 23:56 | Build | Farm |
| 24:29 | Create | Villager (Male) |
| 24:38 | Create | Villager (Male) |
| 24:48 | Create | Villager (Male) |
| 25:00 | Create | Villager (Male) |
| 25:17 | Create | Villager (Male) |
| 25:26 | Build | Market |
| 26:17 | Research | Castle Age |
| 27:26 | Create | Archer |
| 27:27 | Create | Archer |
| 28:04 | Create | Archer |
| 28:07 | Create | Archer |
| 28:17 | Create | Villager (Male) |
| 28:17 | Create | Villager (Male) |
| 28:33 | Create | Villager (Male) |
| 28:40 | Research | Wheelbarrow |
| 28:57 | Age | Castle Age |
| 28:59 | Create | Villager (Male) |
| 29:14 | Build | Town Center |
| 29:23 | Build | Town Center |
| 29:28 | Create | Archer |
| 29:33 | Research | Crossbowman (upgrade) |
| 29:42 | Create | Archer |
| 29:43 | Create | Villager (Male) |
| 30:02 | Build | Farm |
| 30:03 | Build | Farm |
| 30:03 | Build | Farm |
| 30:04 | Build | Farm |
| 30:07 | Create | Villager (Male) |
| 30:08 | Research | Bow Saw |
| 30:23 | Create | Villager (Male) |
| 30:31 | Research | Heavy Plow |
| 30:48 | Create | Archer |
| 30:49 | Create | Villager (Male) |
| 30:50 | Create | Villager (Male) |
| 31:04 | Create | Villager (Male) |
| 31:04 | Create | Villager (Male) |
| 31:21 | Create | Archer |
| 31:21 | Create | Archer |
| 31:22 | Create | Villager (Male) |
| 31:23 | Create | Villager (Male) |
| 31:37 | Research | Bodkin Arrow |
| 31:42 | Create | Villager (Male) |
| 31:42 | Create | Villager (Male) |
| 31:43 | Create | Villager (Male) |
| 31:49 | Build | Farm |
| 31:51 | Build | Farm |
| 32:01 | Create | Archer |
| 32:20 | Create | Villager (Male) |
| 32:21 | Create | Villager (Male) |
| 32:24 | Build | Farm |
| 32:24 | Build | Farm |
| 32:25 | Build | Farm |
| 32:39 | Build | Farm |
| 32:44 | Create | Archer |
| 32:44 | Create | Archer |
| 32:47 | Build | Siege Workshop |
| 33:20 | Create | Archer |
| 33:22 | Create | Villager (Male) |
| 33:22 | Create | Villager (Male) |
| 33:27 | Build | Farm |
| 33:28 | Build | Farm |
| 33:31 | Create | Villager (Male) |
| 33:32 | Create | Villager (Male) |
| 33:36 | Build | Farm |
| 33:36 | Build | Farm |
| 33:37 | Build | Farm |
Build order — 宁波老菜鸟
First 150 of 218 actions detected
| 0:53 | Build | Town Center |
| 2:04 | Build | House |
| 3:05 | Build | House |
| 3:23 | Create | Villager (Male) |
| 3:23 | Create | Villager (Male) |
| 3:34 | Create | Villager (Male) |
| 3:34 | Create | Villager (Male) |
| 3:34 | Create | Villager (Male) |
| 4:31 | Build | Palisade Wall |
| 4:45 | Build | Palisade Wall |
| 5:08 | Research | Loom |
| 5:28 | Build | House |
| 5:36 | Build | Dock |
| 5:41 | Create | Villager (Male) |
| 5:59 | Create | Villager (Male) |
| 6:10 | Create | Fishing Ship |
| 6:10 | Create | Fishing Ship |
| 6:34 | Create | Villager (Male) |
| 6:52 | Create | Villager (Male) |
| 6:52 | Create | Villager (Male) |
| 7:13 | Build | House |
| 7:21 | Create | Villager (Male) |
| 7:40 | Create | Fishing Ship |
| 7:41 | Create | Villager (Male) |
| 8:12 | Create | Villager (Male) |
| 8:18 | Create | Fishing Ship |
| 8:25 | Build | House |
| 8:41 | Create | Villager (Male) |
| 8:55 | Create | Fishing Ship |
| 9:06 | Create | Villager (Male) |
| 9:07 | Create | Villager (Male) |
| 9:32 | Create | Fishing Ship |
| 9:47 | Build | House |
| 9:53 | Create | Villager (Male) |
| 10:12 | Create | Villager (Male) |
| 10:16 | Build | Lumber Camp |
| 10:45 | Create | Villager (Male) |
| 10:59 | Create | Fishing Ship |
| 11:45 | Research | Feudal Age |
| 11:49 | Build | Mining Camp |
| 12:20 | Build | Palisade Wall |
| 12:24 | Build | Palisade Wall |
| 12:26 | Build | Palisade Wall |
| 12:28 | Build | Palisade Wall |
| 12:32 | Build | Palisade Wall |
| 12:56 | Build | Palisade Wall |
| 13:02 | Build | Palisade Wall |
| 13:06 | Build | Palisade Wall |
| 13:19 | Create | Fishing Ship |
| 13:33 | Build | Mining Camp |
| 13:41 | Build | Mill |
| 13:55 | Age | Feudal Age |
| 13:58 | Research | Town Watch |
| 14:01 | Create | Villager (Male) |
| 14:29 | Build | Market |
| 14:44 | Create | Villager (Male) |
| 14:56 | Build | Palisade Wall |
| 14:58 | Build | Palisade Wall |
| 15:03 | Build | Palisade Wall |
| 15:05 | Build | Palisade Wall |
| 15:10 | Build | Palisade Wall |
| 15:12 | Build | Palisade Wall |
| 15:16 | Build | Palisade Wall |
| 15:20 | Build | Palisade Wall |
| 15:25 | Create | Villager (Male) |
| 15:42 | Create | Villager (Male) |
| 15:46 | Build | Blacksmith |
| 15:55 | Build | House |
| 16:19 | Research | Castle Age |
| 16:19 | Research | Castle Age |
| 16:37 | Build | House |
| 17:08 | Research | Double-Bit Axe |
| 17:08 | Research | Double-Bit Axe |
| 17:09 | Research | Horse Collar |
| 17:33 | Research | Gold Mining |
| 17:33 | Research | Gold Mining |
| 17:50 | Build | Palisade Wall |
| 17:51 | Build | Palisade Wall |
| 17:54 | Build | Palisade Wall |
| 18:04 | Build | Palisade Wall |
| 18:59 | Age | Castle Age |
| 19:12 | Build | Castle |
| 19:21 | Create | Fire Galley |
| 19:22 | Create | Villager (Male) |
| 19:33 | Create | Villager (Male) |
| 19:52 | Create | Conquistador |
| 20:02 | Build | Siege Workshop |
| 20:06 | Create | Villager (Male) |
| 20:15 | Create | Conquistador |
| 20:35 | Create | Villager (Male) |
| 21:04 | Create | Conquistador |
| 21:12 | Build | Town Center |
| 21:39 | Create | Villager (Male) |
| 21:42 | Build | Farm |
| 21:48 | Create | Villager (Male) |
| 22:21 | Create | Villager (Male) |
| 23:06 | Create | Conquistador |
| 23:07 | Create | Conquistador |
| 23:08 | Create | Battering Ram |
| 23:41 | Create | Conquistador |
| 24:03 | Build | Dock |
| 24:05 | Create | Villager (Male) |
| 24:08 | Build | Farm |
| 24:09 | Create | Battering Ram |
| 24:10 | Create | Battering Ram |
| 24:13 | Create | Battering Ram |
| 24:13 | Create | Battering Ram |
| 24:21 | Create | Villager (Male) |
| 24:22 | Create | Villager (Male) |
| 24:43 | Create | Conquistador |
| 24:45 | Create | Battering Ram |
| 25:01 | Create | Battering Ram |
| 25:02 | Create | Villager (Male) |
| 25:26 | Build | Farm |
| 25:30 | Build | Farm |
| 25:36 | Create | Battering Ram |
| 25:40 | Research | Padded Archer Armor |
| 25:52 | Create | Villager (Male) |
| 25:55 | Build | Farm |
| 25:59 | Build | Lumber Camp |
| 26:03 | Build | Lumber Camp |
| 26:04 | Create | Battering Ram |
| 26:09 | Create | Villager (Male) |
| 26:14 | Create | Villager (Male) |
| 26:22 | Build | Farm |
| 26:43 | Create | Conquistador |
| 26:47 | Create | Battering Ram |
| 26:48 | Create | Villager (Male) |
| 27:09 | Research | Leather Archer Armor |
| 27:24 | Build | Farm |
| 27:29 | Create | Villager (Male) |
| 27:29 | Create | Villager (Male) |
| 27:29 | Create | Villager (Male) |
| 27:35 | Build | Farm |
| 27:36 | Build | Farm |
| 27:51 | Create | Conquistador |
| 28:10 | Build | Farm |
| 28:11 | Build | Farm |
| 28:13 | Build | Farm |
| 28:17 | Create | Conquistador |
| 28:24 | Create | Conquistador |
| 28:27 | Create | Conquistador |
| 28:27 | Create | Conquistador |
| 28:47 | Build | Barracks |
| 29:04 | Create | Battering Ram |
| 29:06 | Create | Villager (Male) |
| 29:08 | Build | House |
| 29:08 | Build | House |
| 29:31 | Create | Conquistador |
| 29:31 | Create | Villager (Male) |
Build order — KingHeeze
First 150 of 225 actions detected
| 0:05 | Build | Town Center |
| 1:58 | Build | Dock |
| 2:11 | Build | House |
| 2:13 | Build | House |
| 2:27 | Create | Villager (Male) |
| 2:27 | Create | Villager (Male) |
| 2:27 | Create | Villager (Male) |
| 2:28 | Create | Villager (Male) |
| 2:28 | Create | Villager (Male) |
| 3:35 | Create | Fishing Ship |
| 4:04 | Research | Loom |
| 4:11 | Build | House |
| 4:27 | Create | Fishing Ship |
| 4:46 | Create | Villager (Male) |
| 4:46 | Create | Villager (Male) |
| 5:11 | Create | Fishing Ship |
| 5:33 | Create | Fishing Ship |
| 5:36 | Create | Villager (Male) |
| 6:00 | Build | House |
| 6:13 | Create | Villager (Male) |
| 6:35 | Create | Fishing Ship |
| 6:36 | Create | Fishing Ship |
| 7:06 | Build | House |
| 7:10 | Create | Villager (Male) |
| 7:10 | Create | Villager (Male) |
| 7:13 | Create | Fishing Ship |
| 7:27 | Create | Villager (Male) |
| 7:37 | Build | House |
| 7:45 | Create | Villager (Male) |
| 7:50 | Create | Fishing Ship |
| 8:17 | Create | Villager (Male) |
| 8:20 | Create | Fishing Ship |
| 8:26 | Build | House |
| 8:43 | Create | Villager (Male) |
| 8:46 | Create | Fishing Ship |
| 9:04 | Create | Villager (Male) |
| 9:14 | Build | Mill |
| 9:19 | Create | Villager (Male) |
| 9:47 | Create | Villager (Male) |
| 9:51 | Create | Fishing Ship |
| 10:27 | Build | Barracks |
| 10:29 | Create | Villager (Male) |
| 10:33 | Create | Villager (Male) |
| 11:02 | Create | Fishing Ship |
| 11:09 | Create | Villager (Male) |
| 11:23 | Research | Feudal Age |
| 11:30 | Build | Mining Camp |
| 11:39 | Build | House |
| 11:39 | Build | House |
| 11:40 | Build | House |
| 11:40 | Build | House |
| 11:53 | Create | Militia |
| 11:53 | Create | Militia |
| 11:56 | Create | Villager (Male) |
| 12:04 | Build | House |
| 12:38 | Create | Villager (Male) |
| 12:58 | Build | Dock |
| 13:31 | Create | Militia |
| 13:40 | Build | House |
| 13:40 | Build | House |
| 13:41 | Build | House |
| 13:44 | Build | House |
| 13:46 | Build | House |
| 13:48 | Build | House |
| 13:49 | Build | House |
| 14:03 | Research | Man-at-Arms (upgrade) |
| 14:04 | Create | Militia |
| 14:04 | Create | Militia |
| 14:29 | Create | Villager (Male) |
| 14:37 | Create | Fire Galley |
| 14:37 | Create | Fire Galley |
| 15:00 | Create | Militia |
| 15:06 | Create | Fire Galley |
| 15:06 | Create | Fire Galley |
| 15:32 | Create | Fire Galley |
| 15:32 | Create | Fire Galley |
| 16:04 | Create | Fire Galley |
| 16:22 | Create | Galley |
| 16:22 | Create | Galley |
| 16:24 | Create | Villager (Male) |
| 16:25 | Create | Villager (Male) |
| 16:25 | Create | Villager (Male) |
| 16:56 | Create | Galley |
| 17:13 | Create | Villager (Male) |
| 17:13 | Create | Villager (Male) |
| 17:43 | Create | Militia |
| 17:43 | Create | Militia |
| 17:44 | Create | Militia |
| 17:47 | Create | Militia |
| 17:47 | Create | Militia |
| 17:53 | Create | Fire Galley |
| 17:54 | Create | Fire Galley |
| 17:54 | Create | Fire Galley |
| 18:02 | Create | Villager (Male) |
| 18:02 | Create | Villager (Male) |
| 18:16 | Create | Fire Galley |
| 18:16 | Create | Fire Galley |
| 18:32 | Create | Fire Galley |
| 18:32 | Create | Fire Galley |
| 18:35 | Create | Villager (Male) |
| 19:15 | Create | Villager (Male) |
| 19:20 | Create | Fire Galley |
| 19:20 | Create | Galley |
| 19:21 | Create | Fire Galley |
| 19:51 | Create | Villager (Male) |
| 19:51 | Create | Villager (Male) |
| 19:57 | Build | Blacksmith |
| 20:38 | Create | Villager (Male) |
| 20:38 | Create | Villager (Male) |
| 20:41 | Create | Galley |
| 20:41 | Create | Galley |
| 20:41 | Create | Galley |
| 21:28 | Research | Fletching |
| 21:34 | Build | Stable |
| 21:36 | Create | Villager (Male) |
| 22:38 | Create | Villager (Male) |
| 22:39 | Create | Villager (Male) |
| 22:42 | Research | Castle Age |
| 23:08 | Create | Villager (Male) |
| 23:08 | Create | Villager (Male) |
| 23:14 | Build | Stable |
| 23:16 | Research | Bloodlines |
| 23:23 | Create | Scout Cavalry |
| 23:23 | Create | Scout Cavalry |
| 24:01 | Create | Villager (Male) |
| 24:01 | Create | Villager (Male) |
| 24:36 | Create | Galley |
| 24:36 | Create | Galley |
| 24:46 | Create | Fishing Ship ×5 |
| 25:06 | Build | Mining Camp |
| 25:24 | Research | Bodkin Arrow |
| 25:25 | Research | Padded Archer Armor |
| 25:28 | Research | War Galley (upgrade) |
| 25:36 | Build | Stable |
| 25:39 | Research | Husbandry |
| 25:42 | Create | Knight ×2 |
| 26:35 | Build | Farm |
| 26:35 | Build | Farm |
| 26:35 | Build | Farm |
| 26:35 | Build | Farm |
| 26:36 | Build | Farm |
| 26:36 | Build | Farm |
| 26:37 | Build | Farm |
| 26:37 | Build | Farm |
| 26:38 | Build | Farm |
| 26:38 | Build | Farm |
| 26:38 | Build | Farm |
| 26:39 | Build | Farm |
| 26:39 | Build | Farm |
| 26:40 | Build | Farm |
Build order — 三哥
First 150 of 294 actions detected
| 0:02 | Build | Town Center |
| 1:32 | Build | Dock |
| 2:33 | Create | Villager (Male) |
| 2:33 | Create | Villager (Male) |
| 2:33 | Create | Villager (Male) |
| 2:36 | Build | House |
| 3:36 | Build | House |
| 4:01 | Create | Fishing Ship |
| 4:03 | Research | Loom |
| 4:09 | Create | Villager (Male) |
| 4:51 | Create | Fishing Ship |
| 5:01 | Create | Villager (Male) |
| 5:23 | Create | Villager (Male) |
| 5:24 | Create | Villager (Male) |
| 5:49 | Create | Villager (Male) |
| 5:49 | Create | Villager (Male) |
| 5:55 | Build | House |
| 6:18 | Create | Villager (Male) |
| 6:34 | Create | Fishing Ship |
| 6:41 | Create | Villager (Male) |
| 6:42 | Create | Villager (Male) |
| 6:42 | Create | Villager (Male) |
| 6:56 | Build | House |
| 7:05 | Create | Fishing Ship |
| 7:34 | Create | Villager (Male) |
| 7:34 | Create | Villager (Male) |
| 7:41 | Create | Fishing Ship |
| 7:58 | Create | Villager (Male) |
| 7:58 | Create | Villager (Male) |
| 8:00 | Create | Fishing Ship |
| 8:13 | Build | House |
| 8:19 | Create | Villager (Male) |
| 8:20 | Create | Villager (Male) |
| 8:52 | Create | Fishing Ship |
| 9:22 | Build | Mill |
| 9:27 | Create | Fishing Ship |
| 9:31 | Build | House |
| 9:38 | Create | Villager (Male) |
| 10:05 | Create | Villager (Male) |
| 10:14 | Build | Dock |
| 10:22 | Create | Fishing Ship |
| 10:30 | Create | Villager (Male) |
| 11:00 | Create | Villager (Male) |
| 11:01 | Build | Mining Camp |
| 11:19 | Research | Feudal Age |
| 11:19 | Research | Feudal Age |
| 12:10 | Create | Fishing Ship |
| 12:26 | Create | Villager (Male) |
| 12:30 | Build | House |
| 13:35 | Age | Feudal Age |
| 13:38 | Create | Villager (Male) |
| 13:46 | Create | Galley |
| 13:48 | Create | Galley |
| 13:52 | Build | Blacksmith |
| 13:55 | Create | Villager (Male) |
| 13:56 | Create | Villager (Male) |
| 14:13 | Build | Lumber Camp |
| 14:18 | Create | Villager (Male) |
| 14:23 | Build | House |
| 14:33 | Create | Villager (Male) |
| 14:33 | Create | Villager (Male) |
| 14:33 | Create | Villager (Male) |
| 14:38 | Create | Galley |
| 14:50 | Research | Fletching |
| 14:55 | Build | House |
| 14:56 | Build | House |
| 15:39 | Create | Galley |
| 15:50 | Create | Unit 2626 |
| 16:06 | Create | Villager (Male) |
| 16:15 | Create | Villager (Male) |
| 16:19 | Build | Market |
| 16:42 | Create | Villager (Male) |
| 16:56 | Create | Unit 2626 |
| 17:00 | Create | Unit 2626 |
| 17:16 | Create | Villager (Male) |
| 17:17 | Build | Mining Camp |
| 17:33 | Create | Unit 2626 |
| 17:48 | Research | Castle Age |
| 17:59 | Create | Unit 2626 |
| 18:24 | Build | Mill |
| 18:53 | Research | Gold Mining |
| 19:49 | Research | Padded Archer Armor |
| 19:56 | Build | Barracks |
| 20:28 | Age | Castle Age |
| 20:31 | Create | Villager (Male) |
| 20:32 | Create | Villager (Male) |
| 20:38 | Research | Bodkin Arrow |
| 20:55 | Build | University |
| 20:58 | Build | House |
| 21:03 | Create | Villager (Male) |
| 21:18 | Create | Villager (Male) |
| 21:33 | Build | Castle |
| 21:41 | Create | Villager (Male) |
| 21:46 | Build | House |
| 21:52 | Build | Stone Wall |
| 22:10 | Build | Building 487 |
| 22:36 | Create | Villager (Male) |
| 22:49 | Create | Plumed Archer |
| 22:49 | Create | Plumed Archer |
| 22:54 | Build | Farm |
| 23:01 | Build | House |
| 23:11 | Build | Town Center |
| 23:16 | Create | Villager (Male) |
| 23:17 | Create | Plumed Archer |
| 23:24 | Research | Leather Archer Armor |
| 23:33 | Build | Farm |
| 23:36 | Create | Plumed Archer |
| 23:36 | Create | Plumed Archer |
| 23:50 | Create | Villager (Male) |
| 23:54 | Build | Farm |
| 23:56 | Build | Farm |
| 23:58 | Create | Plumed Archer |
| 24:11 | Create | Villager (Male) |
| 24:24 | Create | Villager (Male) |
| 24:40 | Research | Ballistics |
| 24:40 | Research | Ballistics |
| 24:45 | Create | Villager (Male) |
| 24:47 | Create | Villager (Male) |
| 24:48 | Create | Villager (Male) |
| 24:55 | Create | Villager (Male) |
| 25:10 | Create | Villager (Male) |
| 25:12 | Build | Lumber Camp |
| 25:17 | Research | Double-Bit Axe |
| 25:20 | Create | Villager (Male) |
| 25:36 | Create | Villager (Male) |
| 25:37 | Create | Plumed Archer |
| 25:37 | Create | Plumed Archer |
| 25:50 | Build | Farm |
| 25:58 | Create | Villager (Male) |
| 25:58 | Create | Villager (Male) |
| 26:02 | Create | Plumed Archer |
| 26:03 | Create | Plumed Archer |
| 26:03 | Create | Plumed Archer |
| 26:14 | Create | Villager (Male) |
| 26:15 | Create | Plumed Archer |
| 26:16 | Create | Plumed Archer |
| 26:33 | Create | Villager (Male) |
| 26:34 | Create | Villager (Male) |
| 26:50 | Create | Plumed Archer |
| 26:51 | Create | Plumed Archer |
| 27:24 | Create | Villager (Male) |
| 27:25 | Create | Villager (Male) |
| 27:26 | Create | Plumed Archer |
| 27:41 | Create | Plumed Archer |
| 27:45 | Create | Villager (Male) |
| 27:46 | Create | Villager (Male) |
| 27:49 | Build | Farm |
| 28:14 | Create | Villager (Male) |
| 28:14 | Create | Villager (Male) |
| 28:16 | Create | Villager (Male) |
Build order — 奶粉爷
149 actions detected in the replay
| 0:25 | Build | Town Center |
| 0:42 | Build | Town Center |
| 0:56 | Build | House |
| 1:27 | Build | Town Center |
| 3:44 | Build | Dock |
| 3:59 | Create | Villager (Male) |
| 3:59 | Create | Villager (Male) |
| 3:59 | Create | Villager (Male) |
| 3:59 | Create | Villager (Male) |
| 4:00 | Create | Villager (Male) |
| 4:00 | Create | Villager (Male) |
| 4:46 | Build | House |
| 4:49 | Create | Fishing Ship |
| 4:49 | Create | Fishing Ship |
| 5:09 | Research | Loom |
| 5:09 | Research | Loom |
| 6:15 | Create | Villager (Male) |
| 6:15 | Create | Villager (Male) |
| 6:16 | Create | Villager (Male) |
| 6:28 | Create | Villager (Male) |
| 6:29 | Create | Villager (Male) |
| 7:18 | Create | Villager (Male) |
| 7:18 | Create | Villager (Male) |
| 7:19 | Create | Villager (Male) |
| 7:30 | Create | Fishing Ship |
| 7:30 | Create | Fishing Ship |
| 7:36 | Build | House |
| 7:54 | Create | Villager (Male) |
| 7:55 | Create | Villager (Male) |
| 8:16 | Create | Fishing Ship |
| 8:16 | Create | Fishing Ship |
| 8:38 | Create | Villager (Male) |
| 8:38 | Create | Villager (Male) |
| 8:39 | Create | Villager (Male) |
| 9:09 | Create | Villager (Male) |
| 9:12 | Create | Villager (Male) |
| 9:13 | Create | Villager (Male) |
| 9:24 | Build | House |
| 9:30 | Create | Fishing Ship |
| 9:33 | Create | Villager (Male) |
| 9:33 | Create | Villager (Male) |
| 10:08 | Create | Villager (Male) |
| 10:09 | Create | Villager (Male) |
| 11:14 | Build | Lumber Camp |
| 11:44 | Build | Town Center |
| 12:42 | Create | Villager (Male) |
| 12:42 | Create | Villager (Male) |
| 12:42 | Create | Villager (Male) |
| 12:43 | Create | Villager (Male) |
| 13:01 | Create | Fishing Ship |
| 13:01 | Create | Fishing Ship |
| 13:01 | Create | Fishing Ship |
| 13:07 | Build | House |
| 13:41 | Build | House |
| 14:16 | Research | Feudal Age |
| 14:16 | Research | Feudal Age |
| 15:38 | Build | House |
| 16:03 | Build | Mill |
| 16:15 | Create | Fishing Ship |
| 16:15 | Create | Fishing Ship |
| 16:16 | Create | Fishing Ship |
| 16:16 | Create | Fishing Ship |
| 16:20 | Age | Feudal Age |
| 16:23 | Create | Villager (Male) |
| 16:23 | Create | Villager (Male) |
| 16:29 | Build | Blacksmith |
| 16:39 | Build | Outpost |
| 16:47 | Create | Villager (Male) |
| 16:47 | Create | Villager (Male) |
| 17:09 | Build | Market |
| 17:18 | Create | Villager (Male) |
| 18:01 | Build | House |
| 19:11 | Build | Barracks |
| 19:27 | Build | Farm |
| 19:30 | Build | Farm |
| 19:46 | Build | Mining Camp |
| 20:06 | Research | Castle Age |
| 20:06 | Research | Castle Age |
| 20:19 | Build | House |
| 20:30 | Build | Farm |
| 21:29 | Research | Double-Bit Axe |
| 21:29 | Research | Double-Bit Axe |
| 21:34 | Research | Horse Collar |
| 21:34 | Research | Horse Collar |
| 21:41 | Build | House |
| 21:49 | Build | House |
| 22:05 | Build | Watch Tower |
| 22:25 | Research | Gold Mining |
| 22:25 | Research | Gold Mining |
| 22:31 | Age | Castle Age |
| 22:40 | Build | Siege Workshop |
| 23:02 | Build | Mining Camp |
| 23:19 | Create | Mangonel |
| 23:53 | Create | Mangonel |
| 24:28 | Create | Villager (Male) |
| 24:28 | Create | Villager (Male) |
| 25:11 | Create | Villager (Male) |
| 25:37 | Create | Villager (Male) |
| 25:45 | Build | Town Center |
| 26:22 | Create | Villager (Male) |
| 26:23 | Create | Villager (Male) |
| 26:30 | Build | House |
| 27:21 | Build | Farm |
| 27:31 | Create | Villager (Male) |
| 27:31 | Create | Villager (Male) |
| 27:31 | Create | Villager (Male) |
| 27:31 | Create | Villager (Male) |
| 28:32 | Build | Monastery |
| 29:08 | Build | Farm |
| 29:09 | Build | Farm |
| 29:10 | Build | Farm |
| 29:11 | Build | Farm |
| 29:25 | Create | Monk |
| 29:25 | Create | Monk |
| 29:44 | Build | Watch Tower |
| 30:02 | Create | Villager (Male) |
| 30:02 | Create | Villager (Male) |
| 31:45 | Create | Mangonel |
| 31:48 | Create | Villager (Male) |
| 33:30 | Create | Villager (Male) |
| 33:31 | Create | Villager (Male) |
| 33:31 | Create | Villager (Male) |
| 33:32 | Create | Villager (Male) |
| 34:09 | Create | Villager (Male) |
| 34:09 | Create | Villager (Male) |
| 34:18 | Build | Castle |
| 36:05 | Create | Villager (Male) |
| 36:05 | Create | Villager (Male) |
| 36:08 | Build | Farm |
| 37:02 | Create | Villager (Male) |
| 37:02 | Create | Villager (Male) |
| 37:02 | Create | Villager (Male) |
| 37:13 | Create | Villager (Male) |
| 37:16 | Create | Villager (Male) |
| 37:16 | Create | Villager (Male) |
| 37:19 | Create | Villager (Male) |
| 37:19 | Create | Villager (Male) |
| 37:27 | Research | Bow Saw |
| 37:27 | Research | Bow Saw |
| 37:33 | Create | Villager (Male) |
| 37:42 | Build | Town Center |
| 38:01 | Create | Villager (Male) |
| 38:23 | Create | Villager (Male) |
| 38:32 | Build | Dock |
| 38:42 | Research | Wheelbarrow |
| 38:43 | Research | Wheelbarrow |
| 39:07 | Build | House |
| 39:40 | Create | Villager (Male) |
| 39:41 | Create | Villager (Male) |
Match timeline
| 1:32 | 三哥 · first_building Dock |
| 1:58 | KingHeeze · first_building Dock |
| 2:16 | DinoBuddies · first_building Dock |
| 2:18 | CALF-PICO · wall_segment Palisade Wall x1 |
| 2:25 | CALF-PICO · wall_segment Palisade Wall x1 |
| 2:27 | CALF-PICO · wall_segment Palisade Wall x1 |
| 2:29 | CALF-PICO · wall_segment Palisade Wall x1 |
| 2:36 | 雪斗很强 · first_building Dock |
| 3:44 | 奶粉爷 · first_building Dock |
| 4:31 | 宁波老菜鸟 · wall_segment Palisade Wall x1 |
| 4:45 | 宁波老菜鸟 · wall_segment Palisade Wall x1 |
| 5:36 | 宁波老菜鸟 · first_building Dock |
| 9:34 | Amlan73 · first_building Dock |
| 10:27 | KingHeeze · first_building Barracks |
| 11:30 | CALF-PICO · first_building Dock |
| 11:45 | DinoBuddies · first_building Barracks |
| 12:20 | 宁波老菜鸟 · wall_segment Palisade Wall x1 |
| 12:24 | 宁波老菜鸟 · wall_segment Palisade Wall x1 |
| 12:26 | 宁波老菜鸟 · wall_segment Palisade Wall x1 |
| 12:28 | 宁波老菜鸟 · wall_segment Palisade Wall x1 |
| 12:32 | 宁波老菜鸟 · wall_segment Palisade Wall x1 |
| 12:56 | 宁波老菜鸟 · wall_segment Palisade Wall x1 |
| 13:02 | 宁波老菜鸟 · wall_segment Palisade Wall x1 |
| 13:06 | 宁波老菜鸟 · wall_segment Palisade Wall x1 |
| 13:15 | DinoBuddies · age_up feudal |
| 13:35 | 三哥 · age_up feudal |
| 13:49 | DinoBuddies · wall_segment Palisade Wall x1 |
| 13:54 | DinoBuddies · wall_segment Palisade Wall x1 |
| 13:55 | 宁波老菜鸟 · age_up feudal |
| 13:58 | Amlan73 · age_up feudal |
| 13:59 | 雪斗很强 · age_up feudal |
| 14:13 | DinoBuddies · wall_segment Palisade Wall x1 |
| 14:30 | DinoBuddies · wall_segment Palisade Wall x1 |
| 14:45 | Amlan73 · first_building Barracks |
| 14:48 | DinoBuddies · wall_segment Palisade Wall x1 |
| 14:50 | DinoBuddies · wall_segment Palisade Wall x1 |
| 14:52 | DinoBuddies · wall_segment Palisade Wall x1 |
| 14:56 | 宁波老菜鸟 · wall_segment Palisade Wall x1 |
| 14:58 | 宁波老菜鸟 · wall_segment Palisade Wall x1 |
| 15:03 | 宁波老菜鸟 · wall_segment Palisade Wall x1 |
| 15:05 | 宁波老菜鸟 · wall_segment Palisade Wall x1 |
| 15:10 | 宁波老菜鸟 · wall_segment Palisade Wall x1 |
| 15:12 | 宁波老菜鸟 · wall_segment Palisade Wall x1 |
| 15:16 | 宁波老菜鸟 · wall_segment Palisade Wall x1 |
| 15:20 | 宁波老菜鸟 · wall_segment Palisade Wall x1 |
| 15:22 | CALF-PICO · first_building Barracks |
| 15:35 | DinoBuddies · wall_segment Palisade Wall x1 |
| 15:37 | CALF-PICO · age_up feudal |
| 15:45 | DinoBuddies · first_building Archery Range |
| 16:06 | CALF-PICO · first_building Archery Range |
| 16:09 | Amlan73 · first_building Archery Range |
| 16:20 | 奶粉爷 · age_up feudal |
| 17:50 | 宁波老菜鸟 · wall_segment Palisade Wall x1 |
| 17:51 | 宁波老菜鸟 · wall_segment Palisade Wall x1 |
| 17:54 | 宁波老菜鸟 · wall_segment Palisade Wall x1 |
| 17:54 | 雪斗很强 · age_up castle |
| 18:00 | 雪斗很强 · first_building Siege Workshop |
| 18:04 | 宁波老菜鸟 · wall_segment Palisade Wall x1 |
| 18:19 | CALF-PICO · wall_segment Palisade Wall x1 |
| 18:38 | 雪斗很强 · first_building Castle |
| 18:53 | DinoBuddies · age_up castle |
| 18:56 | 雪斗很强 · wall_segment Palisade Wall x1 |
| 18:58 | CALF-PICO · first_market_buy 100 food |
| 18:59 | 宁波老菜鸟 · age_up castle |
| 19:09 | 宁波老菜鸟 · first_market_buy 100 stone |
| 19:11 | 奶粉爷 · first_building Barracks |
| 19:12 | 宁波老菜鸟 · first_building Castle |
| 19:56 | 三哥 · first_building Barracks |
| 20:02 | 宁波老菜鸟 · first_building Siege Workshop |
| 20:04 | 奶粉爷 · first_market_sell 100 food |
| 20:16 | DinoBuddies · first_building Siege Workshop |
| 20:28 | 三哥 · age_up castle |
| 21:28 | 三哥 · first_market_buy 100 stone |
| 21:33 | 三哥 · first_building Castle |
| 21:34 | KingHeeze · first_building Stable |
| 21:40 | CALF-PICO · age_up castle |
| 21:52 | 三哥 · wall_segment Stone Wall x5 |
| 21:54 | CALF-PICO · first_building Siege Workshop |
| 22:17 | 雪斗很强 · first_building Barracks |
| 22:31 | 奶粉爷 · age_up castle |
| 22:40 | 奶粉爷 · first_building Siege Workshop |
| 23:17 | 雪斗很强 · first_building Stable |
| 24:12 | 宁波老菜鸟 · first_market_sell 100 wood |
| 24:57 | CALF-PICO · first_market_sell 100 food |
| 26:16 | Amlan73 · first_market_sell 100 wood |
| 26:27 | 雪斗很强 · first_market_buy 100 wood |
| 27:17 | CALF-PICO · first_building Castle |
| 28:32 | 奶粉爷 · first_building Monastery |
| 28:47 | 宁波老菜鸟 · first_building Barracks |
| 28:57 | Amlan73 · age_up castle |
| 29:26 | 雪斗很强 · first_market_sell 100 stone |
| 29:34 | 宁波老菜鸟 · first_building Stable |
| 30:23 | CALF-PICO · first_building Monastery |
| 31:10 | 奶粉爷 · first_market_buy 100 wood |
| 32:27 | KingHeeze · first_building Archery Range |
| 32:47 | Amlan73 · first_building Siege Workshop |
| 32:54 | 三哥 · first_building Archery Range |
| 33:47 | DinoBuddies · first_building Castle |
| 34:10 | Amlan73 · first_building Stable |
| 34:18 | 奶粉爷 · first_building Castle |
| 35:01 | 三哥 · first_building Monastery |
| 35:04 | CALF-PICO · first_building Stable |
| 37:36 | Amlan73 · tribute_sent a jugador 1 |
| 37:36 | Amlan73 · tribute_sent a jugador 2 |
| 37:36 | Amlan73 · tribute_sent a jugador 4 |
| 37:36 | Amlan73 · tribute_sent a jugador 5 |
| 37:36 | Amlan73 · tribute_sent a jugador 6 |
| 37:36 | Amlan73 · tribute_sent a jugador 7 |
| 37:36 | Amlan73 · tribute_sent a jugador 8 |
| 38:39 | 三哥 · age_up imperial |
| 39:17 | 雪斗很强 · resign |
[ AI ANALYSIS · 1 CREDIT ]
What really happened in this match?
Wolo.gg analyzes every decision: build order, eco, micro, common mistakes by bracket. Personalized analysis on WhatsApp or Discord in 30 seconds.
Civ guide
Mapuche
Map guide
Nomad
Perfil
Jugador #5457207